 Dungeon Crawl Stone Soup version 0.23-a0-333-g006994f (webtiles) character file.

2 Ijustatesigmund the Magician (level 1, -3/11 HPs)
             Began as an Octopode Wizard on Oct 17, 2018.
             Slain by a leopard gecko (4 damage)
             ... on level 1 of the Dungeon.
             The game lasted 00:00:24 (54 turns).

Ijustatesigmund the Magician (Octopode Wizard)        Turns: 54, Time: 00:00:25

Health: -3/11      AC:  1    Str:  6    XL:     1   Next: 30%
Magic:  1/4        EV: 12    Int: 20    God:
Gold:   0          SH:  0    Dex: 10    Spells: 5/6 levels left

rFire    . . .     SeeInvis .   (no weapon)
rCold    . . .     Gourm    .   (no shield)
rNeg     . . .     Faith    .   a - +0 hat
rPois    .         Spirit   .   (no amulet)
rElec    .         Reflect  .   (no ring)
rCorr    .         Harm     .   (no ring)
MR       .....                  (no ring)
Stlth    ++........             (no ring)
HPRegen  0.03/turn              (no ring)
MPRegen  0.09/turn              (no ring)
                                (no ring)
                                (no ring)

@: very slightly contaminated, heavily drained
A: almost no armour, stealthy swim, amphibious, 8 rings, constrict 8, camouflage
1, gelatinous body 1
a: no special abilities


You were on level 1 of the Dungeon.
You were not hungry.

You visited 1 branch of the dungeon, and saw 1 of its levels.

Inventory:

Armour
 a - a +0 hat (worn)
Comestibles
 c - a ration


   Skills:
 - Level 2.0(0.4) Dodging
 - Level 2.6(1.1) Stealth
 - Level 3.0(1.3) Spellcasting
 + Level 1.3(0.0) Conjurations
   Level 1.0(0.0) Summonings
   Level 1.0(0.0) Translocations


You had 5 spell levels left.
You knew the following spells:

 Your Spells              Type           Power        Failure   Level  Hunger
a - Magic Dart            Conj           #...         17%         1    ##.....

Your spell library contained the following spells:

 Spells                   Type           Power        Failure   Level  Hunger
 Blink                    Tloc           N/A          26%         2    ###....
 Call Imp                 Summ           #.......     26%         2    ###....
 Slow                     Hex            #.......     26%         2    ###....
 Conjure Flame            Conj/Fire      #.......     45%         3    ####...
 Mephitic Cloud           Conj/Pois/Air  #.......     45%         3    ####...


Dungeon Overview and Level Annotations

Branches:
Dungeon (1/15)

Altars:


Innate Abilities, Weirdness & Mutations

You cannot wear most types of armour.
You are very stealthy in the water. (Stealth+)
You are amphibious.
You can wear up to eight rings at the same time.
You can use your tentacles to constrict eight enemies at once.
Your skin changes colour to match your surroundings (Stealth+).
Your rubbery body absorbs attacks. (AC +1, EV +1)


Message History

You are too injured to fight recklessly!
You are too injured to fight recklessly!
You are too injured to fight recklessly!
You are too injured to fight recklessly!
You are too injured to fight recklessly!
You tentacle-slap the leopard gecko but do no damage.
Your grab misses the leopard gecko.
The leopard gecko is severely wounded.
The leopard gecko bites you. The leopard gecko closely misses you.
You closely miss the leopard gecko. You grab the leopard gecko.
The leopard gecko is severely wounded.
You constrict the leopard gecko.
The leopard gecko bites you but does no damage.
The rat bites you.
* * * LOW HITPOINT WARNING * * *
You release your grip on the leopard gecko.
You miss the leopard gecko. Your grab misses the leopard gecko.
The leopard gecko is almost dead.
The leopard gecko bites you.
You die...

#.........##.#
###..##(##.##.#
#.....#.##.##.#
##.≈≈≈.........#
#..≈"≈..#####.##
##..≈≈≈..# #.#
#.......## #.#
##.####.....###
#.#
#...rl@.....#
#.#
#.....##.....#
#.# ...)...
#.....# #.#
#...... #######
#.#...# # ####


You could see a leopard gecko and a rat.

Vanquished Creatures
  A hobgoblin (D:1)
  A frilled lizard (D:1)
2 creatures vanquished.

Notes
Turn   | Place    | Note
-------+----------+-------------------------------------------
     0 | D:1      | Ijustatesigmund the Octopode Wizard began the quest for the
                  | Orb.
     0 | D:1      | Reached XP level 1. HP: 11/11 MP: 4/4
    54 | D:1      | Slain by a leopard gecko

Vault maps used:
D:1:      dpeg_arrival_tiny_k, corexii_item_surrounded_by_moat

Action                   || total
-------------------------++-------
Melee: Unarmed           ||     5
       Constrict         ||     1
 Cast: Magic Dart        ||     4
Armor: Skin              ||     1
Dodge: Dodged            ||     2

Table legend:
 A = Non-vault XP
 B = Vault XP
 C = Vault XP percentage of total XP
 D = Non-vault monster count
 E = Vault monster count
 F = Vault count percentage of total count
                 A         B        C        D         E       F
            +---------+---------+-------+---------+---------+-------
      Total |       3 |       0 |   0.0 |       2 |       0 |   0.0
            +---------+---------+-------+---------+---------+-------
        D:1 |       3 |       0 |   0.0 |       2 |       0 |   0.0
            +---------+---------+-------+---------+---------+-------
